 Dungeon Crawl Stone Soup version 0.31.0-11-ge490571c62 (webtiles) character file.

Game seed: 4656233804121467023

7 qw the Shooter (level 1, 0/12 HPs)
             Began as a Deep Elf Hunter on Feb 3, 2024.
             Slain by a bat (1 damage)
             ... on level 1 of the Dungeon.
             The game lasted 00:00:00 (49 turns).

qw the Shooter (Deep Elf Hunter)                      Turns: 49, Time: 00:00:00

Health: 0/12       AC:  3    Str:  8    XL:     1   Next: 83%
Magic:  3/3        EV: 12    Int: 13    God:
Gold:   0          SH:  0    Dex: 18    Spells: 0/0 levels left

rFire   . . .        a - +0 shortbow
rCold   . . .        (shield currently unavailable)
rNeg    . . .        c - +0 leather armour
rPois   .            (no helmet)
rElec   .            (no cloak)
rCorr   .            (no gloves)
SInv    .            (no boots)
Will    .....        (no amulet)
Stlth   ++           (no ring)
HPRegen 0.22/turn    (no ring)
MPRegen 0.08/turn

%: no passive effects
@: no status effects
A: no striking features
a: no special abilities


You were on level 1 of the Dungeon.
You visited 1 branch of the dungeon, and saw 1 of its levels.


   Skills:
 - Level 1.5 Fighting
 + Level 5.8 Ranged Weapons
 - Level 2.4 Dodging
 - Level 1.2 Stealth


You couldn't memorise any spells.
You didn't know any spells.
Your spell library was empty.

Inventory:

Hand Weapons
 a - a +0 shortbow (weapon)
Armour
 c - a +0 leather armour (worn)
Scrolls
 b - a scroll of butterflies
Potions
 d - a potion of heal wounds {unknown}

Dungeon Overview and Level Annotations

Branches:
Dungeon (1/15)

Altars:


Message History

You shoot an arrow. The arrow hits the jackal!
You kill the jackal!
You shoot an arrow. The arrow closely misses the jackal.
The jackal closely misses you. The jackal misses you.
You shoot an arrow.
The arrow hits the hobgoblin but does no damage.
The jackal bites you but does no damage.
The hobgoblin closely misses you.
You shoot an arrow. The arrow closely misses the hobgoblin.
The arrow hits the dart slug.
The dart slug is lightly wounded.
The jackal bites you. The hobgoblin closely misses you.
The jackal barely misses you.
You shoot an arrow.
The arrow hits the hobgoblin but does no damage.
The jackal bites you. The hobgoblin barely misses you.
You shoot an arrow. The arrow hits the hobgoblin.
You kill the hobgoblin!
A bat comes into view.
The jackal closely misses you. The jackal barely misses you.
You shoot an arrow. The arrow hits the endoplasm!
You kill the endoplasm!
The jackal closely misses you. The jackal barely misses you.
You shoot an arrow. The arrow hits the dart slug!
The dart slug is almost dead.
The jackal completely misses you. The dart slug bites you.
The jackal closely misses you.
You shoot an arrow. The arrow barely misses the dart slug.
The jackal bites you. The dart slug bites you.
You shoot an arrow. The arrow hits the dart slug.
You kill the dart slug!
A bat comes into view.
The bat barely misses you.
The jackal bites you. x2; The bat moves out of view.
You shoot an arrow. The arrow misses the jackal.
The bat misses you. The jackal closely misses you.
You shoot an arrow. The arrow hits the jackal.
The jackal is heavily wounded.
The bat hits you but does no damage. The jackal closely misses you.
The bat hits you.
You die...

###..?###..
.............. .. ...
.............. .###...
###########... .......
~~<¤~¤~~~~#... .......
~~.~~~~~~~#...## .....
. ......~~~~#....# ...
...
........~~#..#.##b#..#
.........~#..#..@h[.#
.........~#..#.######
.###.8..###..#.#
........#K#....#
#'''#######...##
........##...##
........##..##
......###...#
'''''##...###


You could see a jackal and a bat.

Vanquished Creatures
  A dart slug (D:1)
  An endoplasm (D:1)
  A hobgoblin (D:1)
  A jackal (D:1)
4 creatures vanquished.

Notes
Turn   | Place    | Note
-------+----------+-------------------------------------------
     0 | D:1      | qw the Deep Elf Hunter began the quest for the Orb.
     0 | D:1      | Reached XP level 1. HP: 12/12 MP: 3/3
     0 | D:1      | 0 ||| qw: Version: 0.3-a-155-g5e7d8dd
     0 | D:1      | 0 ||| qw: Game counter: 3219
     0 | D:1      | 0 ||| qw: Melee chars always use a shield: true
     0 | D:1      | 0 ||| qw: God list: Okawaru
     0 | D:1      | 0 ||| qw: Allow faded altars: false
     0 | D:1      | 0 ||| qw: Do Orc after clearing Dungeon:15 true
     0 | D:1      | 0 ||| qw: Do second Lair branch before Depths: true
     0 | D:1      | 0 ||| qw: Lair rune preference: random
     0 | D:1      | 0 ||| qw: Goals: Normal
     0 | D:1      | 0 ||| PLANNING D:1-11
    47 | D:1      | HP: 3/12 [jackal (3)]
    47 | D:1      | HP: 1/12 [jackal (2)]
    49 | D:1      | Slain by a bat

Levels and vault maps discovered:
D:1:      lordsloth_arrival_two_stooges, layout_basic

Action                     || total
---------------------------++-------
   Fire: Shortbow          ||    16
 Armour: Leather armour    ||    10
  Dodge: Dodged            ||    16

Table legend:
 A = Non-vault XP
 B = Vault XP
 C = Vault XP percentage of total XP
 D = Non-vault monster count
 E = Vault monster count
 F = Vault count percentage of total count
                 A         B        C        D         E       F
            +---------+---------+-------+---------+---------+-------
      Total |      10 |       0 |   0.0 |       4 |       0 |   0.0
            +---------+---------+-------+---------+---------+-------
        D:1 |      10 |       0 |   0.0 |       4 |       0 |   0.0
            +---------+---------+-------+---------+---------+-------
